Map: Ephemeron LE

Players

Zest - Winner!

  • Race: Protoss Protoss
  • Spawn Location: 11:00

Dear

  • Race: Protoss Protoss
  • Spawn Location: 5:00

Event: IEM Katowice 2020

VOD

Have the link to the VOD?

Description

Time

  • Played on: Feb. 29, 2020, 11:49 a.m.
  • Length: 9:43

All games in this series

Show
View Real Time Build Order
Export as new Build Order

Zest Protoss - Winner!

Build Orders:  

Get SALT Encoding   

  12  0:00  Probe  
  13  0:12  Probe  
  14  0:17  Pylon  
  14  0:25  Probe (Chrono Boost)  
  15  0:36  Gateway  
  15  0:37  Probe (Chrono Boost)  
  16  0:44  Probe (Chrono Boost)  
  16  0:46  Assimilator  
  17  0:51  Probe  
  17  0:54  Assimilator  
  18  1:03  Probe (Chrono Boost)  
  19  1:08  Gateway  
  19  1:12  Probe (Chrono Boost)  
  19  1:17  Probe (Chrono Boost)  
  20  1:23  Cybernetics Core  
  21  1:29  Probe  
  22  1:33  Pylon  
  22  1:41  Probe  
  23  1:54  Probe  
  23  1:56  Warp Gate (Chrono Boost)  
  23  1:59  Stalker x2  
  28  2:08  Pylon  
  28  2:29  Stalker x2  
  32  2:33  Gateway  
  32  2:44  Pylon  
  32  2:46  Shield Battery  
  32  2:59  Stalker  
  34  3:06  Shield Battery  
  34  3:24  Shield Battery  
  34  3:26  Probe (Chrono Boost)  
  34  3:35  Probe (Chrono Boost)  
  34  3:40  Probe (Chrono Boost)  
  33  3:48  Sentry x3, Nexus  
  40  3:52  Probe  
  40  3:53  Robotics Facility  
  41  4:00  Pylon  
  41  4:04  Probe  
  41  4:07  Pylon  
  42  4:16  Probe  
  43  4:21  Adept, Sentry  
  47  4:28  Probe  
  45  4:40  Probe  
  45  4:44  Immortal  
  50  4:52  Probe  
  50  4:58  Adept x2  
  55  5:03  Adept  
  57  5:12  Shield Battery  
  57  5:19  Stalker x2  
  61  5:25  Stalker  
  63  5:33  Probe (Chrono Boost)  
  63  5:34  Probe (Chrono Boost)  
  67  5:43  Probe x2 (Chrono Boost)  
  67  5:44  Pylon  
  67  5:48  Probe x2 (Chrono Boost)  
  68  5:50  Pylon  
  68  5:54  Observer  
  70  5:59  Assimilator  
  70  6:02  Probe  
  70  6:03  Assimilator  
  72  6:05  Robotics Bay  
  70  6:11  Probe  
  70  6:14  Probe  
  72  6:19  Gateway  
  72  6:20  Pylon  
  72  6:38  Shield Battery  
  72  6:39  Shield Battery  
  72  6:41  Sentry  
  72  6:42  Adept x2, Shield Battery  
  78  6:53  Disruptor (Chrono Boost)  
  81  7:11  Pylon  
  81  7:16  Gravitic Drive  
  81  7:18  Warp Prism (Chrono Boost)  
  81  7:20  Probe x2  
  85  7:24  Pylon  
  85  7:31  Zealot  
  85  7:32  Zealot x3  
  87  7:49  Gateway  
  87  7:50  Gateway, Disruptor (Chrono Boost)  
  87  7:52  Gateway  
  90  7:58  Zealot x4  
  93  8:11  Pylon  
  92  8:21  Adept x4  
  95  8:55  Adept x6  
  106  9:06  Pylon  
  88  9:23  Stalker  
  88  9:24  Stalker x4  
Show
View Real Time Build Order
Export as new Build Order

Dear Protoss 

Build Orders:  

Get SALT Encoding   

  12  0:00  Probe  
  13  0:12  Probe  
  14  0:17  Pylon  
  14  0:25  Probe (Chrono Boost)  
  15  0:37  Probe (Chrono Boost)  
  15  0:38  Gateway  
  16  0:45  Probe (Chrono Boost)  
  16  0:47  Assimilator  
  17  0:51  Probe  
  17  0:55  Assimilator  
  18  1:03  Probe (Chrono Boost)  
  19  1:08  Gateway  
  19  1:13  Probe (Chrono Boost)  
  19  1:17  Probe (Chrono Boost)  
  21  1:26  Cybernetics Core  
  21  1:29  Probe  
  22  1:39  Pylon  
  22  1:41  Probe  
  23  1:57  Probe  
  24  2:03  Warp Gate, Adept x2  
  24  2:07  Pylon  
  28  2:33  Stalker x2  
  32  2:51  Robotics Facility  
  32  2:56  Shield Battery  
  32  3:03  Sentry  
  32  3:04  Sentry  
  32  3:05  Pylon  
  35  3:08  Shield Battery  
  35  3:14  Gateway  
  35  3:23  Pylon  
  35  3:36  Immortal (Chrono Boost)  
  39  3:43  Pylon  
  37  3:54  Adept  
  37  3:55  Adept  
  41  4:05  Warp Prism (Chrono Boost)  
  43  4:15  Adept x2  
  47  4:21  Adept  
  47  4:45  Observer  
  48  4:49  Nexus  
  48  4:53  Probe  
  49  5:05  Probe  
  50  5:07  Pylon  
  50  5:17  Probe, Twilight Council  
  51  5:29  Probe  
  52  5:39  Immortal  
  52  5:41  Probe  
  57  5:46  Sentry  
  59  5:51  Resonating Glaives (Chrono Boost)  
  59  5:53  Probe  
  60  6:01  Probe (Chrono Boost)  
  61  6:06  Probe (Chrono Boost)  
  62  6:13  Probe (Chrono Boost)  
  62  6:18  Probe (Chrono Boost)  
  64  6:21  Probe (Chrono Boost)  
  64  6:23  Probe (Chrono Boost), Forge  
  66  6:27  Probe  
  66  6:28  Pylon  
  68  6:34  Probe (Chrono Boost)  
  68  6:39  Probe (Chrono Boost)  
  69  6:46  Assimilator  
  70  6:48  Assimilator  
  70  6:49  Probe x2 (Chrono Boost)  
  70  6:50  Pylon  
  69  6:54  Probe (Chrono Boost)  
  69  6:56  Probe  
  69  6:57  Protoss Ground Weapons Level 1 (Chrono Boost)  
  71  7:06  Probe  
  71  7:08  Probe, Gateway x2  
  72  7:14  Templar Archives  
  73  7:21  Immortal  
  77  7:23  Charge  
  77  7:26  Probe x2  
  79  7:42  Pylon  
  79  7:48  Gateway x2  
  79  7:51  Shield Battery  
  79  7:52  High Templar x3  
  79  7:53  Gateway  
  85  8:00  Pylon  
  85  8:08  Archon, High Templar  
  85  8:12  Pylon  
  87  8:14  Archon  
  77  8:29  High Templar x2  
  77  8:32  Nexus  
  77  8:33  Pylon  
  81  8:40  Archon, Zealot x3  
  87  8:46  Stargate  
  87  8:52  Stalker  
  87  8:53  Stalker x2  
  89  9:03  Zealot x2  
  89  9:04  Adept x2  
  95  9:14  Adept  
  72  9:17  Adept  
  72  9:18  Adept  
  66  9:25  Adept x2  
  66  9:27  Adept x3  

Tags
 
Add a new tag
Caveats
  • Supply blocks, unpowered buildings, or Contaminate may cause inaccurate times.
  • Supply counts are checked every 10 seconds.